| TOP OF THE 1ST |
|
San Antonio Missions batting - Pitching for Naperville Lazy Fisherman : RHP Charles Nagy
|
|
Pitching: RHP Charles Nagy
|
|
|
Batting: RHB Eric Owens
|
0-0: Swinging Strike 0-1: Ball 1-1: Foul Ball, location: 2F 1-2: DOUBLE (Line Drive, 9LS, EV 104.4 MPH)
|
|
Batting: SHB Bill Doran
|
0-0: Called Strike 0-1: Ball Wild Pitch! Eric Owens to third 1-1: Ball 2-1: Swinging Strike 2-2: Foul Ball, location: 2F 2-2: SINGLE (Line Drive, 89S, EV 91.3 MPH) Eric Owens scores
|
|
Batting: RHB Damian Jackson
|
0-0: Called Strike 0-1: SINGLE (Line Drive, 34, EV 96.9 MPH) Bill Doran to second Runner from 2nd tries for 3rd, SAFE, throw by RF made to third
|
|
Batting: RHB David Green
|
0-0: Called Strike 0-1: SINGLE (Line Drive, 5D, EV 106.3 MPH) Bill Doran scores Damian Jackson to second
|
|
Batting: RHB Kelly Stinnett
|
0-0: Swinging Strike 0-1: Ball 1-1: Ball 2-1: Foul Ball, location: 2F 2-2: Foul Ball, location: 2F 2-2: Strikes out looking
|
|
Batting: LHB Scott Livingstone
|
0-0: Ball 1-0: Ball 2-0: Foul Ball, location: 2F 2-1: Ball 3-1: Called Strike 3-2: Foul Ball, location: 2F 3-2: Grounds into double play, 4-6-3 (Groundball, 34, EV 103.8 MPH)
|
| Top of the 1st over - 2 runs, 4 hits, 0 errors, 1 left on base; San Antonio 2 - Naperville 0 |
| BOTTOM OF THE 1ST |
|
Naperville Lazy Fisherman batting - Pitching for San Antonio Missions : RHP Jeff Pico
|
|
Pitching: RHP Jeff Pico
|
|
|
Batting: RHB Gary Disarcina
|
0-0: Ball 1-0: Ball 2-0: Foul Ball, location: 2F 2-1: Called Strike 2-2: Fly out, F9 (Line Drive, 9D, EV 105.0 MPH)
|
|
Batting: SHB Walt Weiss
|
0-0: Ball 1-0: Fly out, F7 (Line Drive, 7S, EV 102.5 MPH)
|
|
Batting: RHB Jeffrey Hammonds
|
0-0: Fly out, F7 (Line Drive, 7D, EV 93.1 MPH)
|
| Bottom of the 1st over - 0 runs, 0 hits, 0 errors, 0 left on base; San Antonio 2 - Naperville 0 |
| TOP OF THE 2ND |
|
San Antonio Missions batting - Pitching for Naperville Lazy Fisherman : RHP Charles Nagy
|
|
Batting: RHB Luis Sojo
|
0-0: Ball 1-0: Ball 2-0: Fly out, F3 (Popup, 3S, EV 85.0 MPH)
|
|
Batting: RHB Mike Difelice
|
0-0: Ball 1-0: Ball 2-0: Foul Ball, location: 2F 2-1: Foul Ball, location: 2F 2-2: SINGLE (Flyball, 9LM, EV 94.4 MPH)
|
|
Batting: SHB Alex Diaz
|
0-0: Called Strike 0-1: Swinging Strike 0-2: Ball 1-2: Ground out 3-1 (Groundball, 3D, EV 94.4 MPH) Mike Difelice to second
|
|
Batting: RHB Eric Owens
|
0-0: Ball 1-0: Ball 2-0: Called Strike 2-1: Ball 3-1: Base on Balls
|
|
Batting: SHB Bill Doran
|
0-0: Foul Ball, location: 2F 0-1: Ball 1-1: Ball 2-1: Called Strike 2-2: Ground out 4-3 (Groundball, 34D, EV 101.9 MPH)
|
| Top of the 2nd over - 0 runs, 1 hit, 0 errors, 2 left on base; San Antonio 2 - Naperville 0 |
| BOTTOM OF THE 2ND |
|
Naperville Lazy Fisherman batting - Pitching for San Antonio Missions : RHP Jeff Pico
|
|
Batting: LHB Matt Luke
|
0-0: Called Strike 0-1: Ball 1-1: SOLO HOME RUN (Flyball, 89XD, EV 98.8 MPH), Distance : 423 ft
|
|
Batting: RHB David Bell
|
0-0: Ball 1-0: Ground out 5-3 (Groundball, 56, EV 82.5 MPH)
|
|
Batting: SHB Felipe Crespo
|
0-0: Ball 1-0: Called Strike 1-1: Ball 2-1: SINGLE (Line Drive, 89M, EV 93.8 MPH)
|
|
Batting: RHB Kent Anderson
|
0-0: Fly out, F8 (Line Drive, 8LD, EV 87.5 MPH)
|
|
Batting: RHB Gary Bennett
|
0-0: Foul Ball, location: 2F 0-1: Ball 1-1: Fielders Choice at 2nd, 5-4 (Groundball, 56, EV 81.9 MPH)
|
| Bottom of the 2nd over - 1 run, 2 hits, 0 errors, 1 left on base; San Antonio 2 - Naperville 1 |
| TOP OF THE 3RD |
|
San Antonio Missions batting - Pitching for Naperville Lazy Fisherman : RHP Charles Nagy
|
|
Batting: RHB Damian Jackson
|
0-0: Ball 1-0: Ball 2-0: Foul Ball, location: 2F 2-1: Ball 3-1: Foul Ball, location: 2F 3-2: Foul Ball, location: 2F 3-2: Base on Balls
|
|
Batting: RHB David Green
|
0-0: Swinging Strike 0-1: Called Strike Damian Jackson steals 2nd base 0-2: Ball 1-2: Ball 2-2: Foul Ball, location: 2F 2-2: Ball 3-2: Foul Ball, location: 2F 3-2: Base on Balls
|
|
Batting: RHB Kelly Stinnett
|
0-0: Called Strike 0-1: Ball 1-1: Ball 2-1: Ball 3-1: Foul Ball, location: 2F 3-2: Fly out, F6 (Popup, 4MD, EV 70.6 MPH)
|
|
Batting: LHB Scott Livingstone
|
0-0: Ball 1-0: Foul Ball, location: 2F 1-1: Called Strike 1-2: SINGLE (Groundball, 56D, EV 100.0 MPH) Damian Jackson to third David Green to second Runner from 3rd tries for Home, SAFE, throw by LF to home
|
|
Batting: RHB Luis Sojo
|
0-0: Ball 1-0: Ball David Green steals 3rd base Scott Livingstone to second 2-0: Ball 3-0: Called Strike 3-1: Fly out, F3 (Line Drive, 3, EV 63.8 MPH) Lined into DP, 3-6 (Line Drive, 3, EV 68.1 MPH)
|
| Top of the 3rd over - 1 run, 1 hit, 0 errors, 1 left on base; San Antonio 3 - Naperville 1 |
| BOTTOM OF THE 3RD |
|
Naperville Lazy Fisherman batting - Pitching for San Antonio Missions : RHP Jeff Pico
|
|
Batting: LHB Dan Peltier
|
0-0: Ball 1-0: SINGLE (Groundball, 5D, EV 94.4 MPH)
|
|
Batting: RHB Gary Disarcina
|
0-0: Ball 1-0: Ball 2-0: Ball 3-0: Base on Balls Dan Peltier to second
|
|
Batting: SHB Walt Weiss
|
0-0: Ball 1-0: Foul Ball, location: 2F 1-1: Foul Ball, location: 2F 1-2: SINGLE (Line Drive, 56D, EV 98.8 MPH) Dan Peltier to third Gary Disarcina to second
|
|
Batting: RHB Jeffrey Hammonds
|
0-0: Foul Ball, location: 2F 0-1: Ball 1-1: Foul Ball, location: 2F 1-2: Fly out, F8 (Flyball, 89M, EV 86.9 MPH)
|
|
Batting: LHB Matt Luke
|
0-0: Called Strike 0-1: Swinging Strike 0-2: Ball Wild Pitch! Dan Peltier scores Gary Disarcina to third Walt Weiss to second 1-2: Foul Ball, location: 2F 1-2: Strikes out swinging
|
|
Batting: RHB David Bell
|
0-0: Ball 1-0: SINGLE (Flyball, 7S, EV 93.8 MPH) Gary Disarcina scores Walt Weiss to third Runner from 3rd tries for Home, SAFE, throw by LF to home
|
|
Batting: SHB Felipe Crespo
|
0-0: Foul Ball, location: 2F 0-1: Foul Ball, location: 2F 0-2: Ball 1-2: Foul Ball, location: 2F 1-2: Ball 2-2: Fly out, F7 (Flyball, 78S, EV 81.3 MPH)
|
| Bottom of the 3rd over - 3 runs, 3 hits, 0 errors, 1 left on base; San Antonio 3 - Naperville 4 |
| TOP OF THE 4TH |
|
San Antonio Missions batting - Pitching for Naperville Lazy Fisherman : RHP Charles Nagy
|
|
Batting: RHB Mike Difelice
|
0-0: Called Strike 0-1: Swinging Strike 0-2: Ball 1-2: Ball 2-2: SINGLE (Groundball, 4MD, EV 95.6 MPH)
|
|
Batting: SHB Alex Diaz
|
0-0: Ball 1-0: Called Strike 1-1: Foul Ball, location: 2F 1-2: Fielders Choice at 2nd, 1-6 (Groundball, 23, EV 65.6 MPH)
|
|
Batting: RHB Eric Owens
|
0-0: Ball 1-0: Fielders Choice at 2nd, 3-6 (Groundball, 3, EV 105.6 MPH)
|
|
Batting: SHB Bill Doran
|
0-0: Called Strike 0-1: Ball 1-1: Foul Ball, location: 2F 1-2: Ball 2-2: Strikes out swinging
|
| Top of the 4th over - 0 runs, 1 hit, 0 errors, 1 left on base; San Antonio 3 - Naperville 4 |
| BOTTOM OF THE 4TH |
|
Naperville Lazy Fisherman batting - Pitching for San Antonio Missions : RHP Jeff Pico
|
|
Batting: RHB Kent Anderson
|
0-0: Fly out, F8 (Line Drive, 8LM, EV 105.6 MPH)
|
|
Batting: RHB Gary Bennett
|
0-0: Ball 1-0: Fly out, F2 (Popup, 2LF, EV 87.5 MPH)
|
|
Batting: LHB Dan Peltier
|
0-0: Called Strike 0-1: SINGLE (Flyball, 89S, EV 95.0 MPH)
|
|
Batting: RHB Gary Disarcina
|
0-0: Called Strike 0-1: Ball 1-1: Fielders Choice at 2nd, 6-4 (Groundball, 6, EV 87.5 MPH)
|
| Bottom of the 4th over - 0 runs, 1 hit, 0 errors, 1 left on base; San Antonio 3 - Naperville 4 |
| TOP OF THE 5TH |
|
San Antonio Missions batting - Pitching for Naperville Lazy Fisherman : RHP Charles Nagy
|
|
Batting: RHB Damian Jackson
|
0-0: Ball 1-0: Called Strike 1-1: Foul Ball, location: 2F 1-2: Ball 2-2: Ball 3-2: SINGLE (Groundball, 56D, EV 100.6 MPH)
|
|
Batting: RHB David Green
|
0-0: Ball 1-0: Ball 2-0: Called Strike 2-1: Swinging Strike 2-2: DOUBLE (Line Drive, 7LS, EV 90.0 MPH) Damian Jackson to third
|
|
Pitching: LHP Dennys Reyes
|
|
|
Batting: RHB Kelly Stinnett
|
0-0: Called Strike 0-1: Ball 1-1: Foul Ball, location: 2F 1-2: SINGLE (Flyball, 78S, EV 85.6 MPH) Damian Jackson scores David Green to third
|
|
Batting: LHB Scott Livingstone
|
0-0: DOUBLE (Line Drive, 89D, EV 106.9 MPH) David Green scores Kelly Stinnett to third
|
|
Batting: RHB Luis Sojo
|
0-0: Ball 1-0: Ball 2-0: Ball 3-0: Base on Balls
|
|
Batting: RHB Mike Difelice
|
0-0: Fly out, F8 (Flyball, 8RM, EV 90.6 MPH) Runner from 3rd tags up, OUT at HOME! 8-2 Scott Livingstone to third Luis Sojo to second
|
|
Batting: SHB Alex Diaz
|
0-0: Called Strike 0-1: Swinging Strike 0-2: Strikes out swinging
|
| Top of the 5th over - 2 runs, 4 hits, 0 errors, 2 left on base; San Antonio 5 - Naperville 4 |
| BOTTOM OF THE 5TH |
|
Naperville Lazy Fisherman batting - Pitching for San Antonio Missions : RHP Jeff Pico
|
|
Batting: SHB Walt Weiss
|
0-0: Foul Ball, location: 2F 0-1: Ball 1-1: Foul Ball, location: 2F 1-2: Strikes out swinging
|
|
Batting: RHB Jeffrey Hammonds
|
0-0: Ball 1-0: Ball 2-0: Ground out 5-3 (Groundball, 56, EV 84.4 MPH)
|
|
Batting: LHB Matt Luke
|
0-0: Ball 1-0: Ground out 2-3 (Groundball, 2L, EV 75.6 MPH)
|
| Bottom of the 5th over - 0 runs, 0 hits, 0 errors, 0 left on base; San Antonio 5 - Naperville 4 |
| TOP OF THE 6TH |
|
San Antonio Missions batting - Pitching for Naperville Lazy Fisherman : LHP Dennys Reyes
|
|
Batting: RHB Eric Owens
|
0-0: TRIPLE (Flyball, 89XD, EV 111.3 MPH)
|
|
Batting: SHB Bill Doran
|
0-0: Ball 1-0: Ball 2-0: Ball 3-0: Called Strike 3-1: Called Strike 3-2: Strikes out swinging
|
|
Batting: RHB Damian Jackson
|
0-0: DOUBLE (Flyball, 8RXD, EV 96.3 MPH) Eric Owens scores
|
|
Batting: RHB David Green
|
0-0: Ground out 6-3 (Groundball, 6, EV 92.5 MPH) Damian Jackson to third
|
|
Batting: RHB Kelly Stinnett
|
0-0: Ball 1-0: Ball 2-0: Ball 3-0: Called Strike 3-1: Base on Balls
|
|
Batting: LHB Scott Livingstone
|
0-0: Ground out 4-3 (Groundball, 4, EV 78.1 MPH)
|
| Top of the 6th over - 1 run, 2 hits, 0 errors, 2 left on base; San Antonio 6 - Naperville 4 |
| BOTTOM OF THE 6TH |
|
Naperville Lazy Fisherman batting - Pitching for San Antonio Missions : RHP Jeff Pico
|
|
Batting: RHB David Bell
|
0-0: Ground out U3 (Groundball, 3, EV 84.4 MPH)
|
|
Batting: SHB Felipe Crespo
|
0-0: Ball 1-0: Foul Ball, location: 2F 1-1: Ball 2-1: Foul Ball, location: 2F 2-2: Ball 3-2: Base on Balls
|
|
Batting: RHB Kent Anderson
|
0-0: Ball 1-0: Foul Ball, location: 2F 1-1: Swinging Strike Felipe Crespo steals 2nd base 1-2: SINGLE (Groundball, 34S, EV 78.1 MPH) (infield hit) Felipe Crespo to third
|
|
Batting: RHB Gary Bennett
|
0-0: Ball 1-0: Ball 2-0: Foul Ball, location: 2F 2-1: Foul Ball, location: 2F 2-2: Strikes out swinging
|
|
Batting: LHB Dan Peltier
|
0-0: Ball 1-0: Ball 2-0: Fly out, F4 (Line Drive, 4, EV 66.9 MPH)
|
| Bottom of the 6th over - 0 runs, 1 hit, 0 errors, 2 left on base; San Antonio 6 - Naperville 4 |
| TOP OF THE 7TH |
|
San Antonio Missions batting - Pitching for Naperville Lazy Fisherman : LHP Dennys Reyes
|
|
Batting: RHB Luis Sojo
|
0-0: Called Strike 0-1: Ground out 6-3 (Groundball, 6, EV 103.1 MPH)
|
|
Batting: RHB Mike Difelice
|
0-0: Called Strike 0-1: Swinging Strike 0-2: Ball 1-2: Ball 2-2: Foul Ball, location: 2F 2-2: Ball 3-2: Base on Balls
|
|
Batting: SHB Alex Diaz
|
0-0: Foul Ball, location: 2F 0-1: Fly out, F8 (Line Drive, 8LM, EV 100.6 MPH)
|
|
Batting: RHB Eric Owens
|
0-0: Ball 1-0: Foul Ball, location: 2F 1-1: Foul Ball, location: 2F 1-2: Ball 2-2: Strikes out looking
|
| Top of the 7th over - 0 runs, 0 hits, 0 errors, 1 left on base; San Antonio 6 - Naperville 4 |
| BOTTOM OF THE 7TH |
|
Naperville Lazy Fisherman batting - Pitching for San Antonio Missions : RHP Jeff Pico
|
|
Batting: RHB Gary Disarcina
|
0-0: Ball 1-0: Ball 2-0: Ball 3-0: Called Strike 3-1: Base on Balls
|
|
Batting: SHB Walt Weiss
|
0-0: Foul Ball, location: 2F 0-1: Ball 1-1: Foul Ball, location: 2F 1-2: Ball 2-2: Ball 3-2: Foul Ball, location: 2F 3-2: Base on Balls Gary Disarcina to second
|
|
Pitching: RHP Steve Olin
|
|
|
Batting: RHB Jeffrey Hammonds
|
0-0: Called Strike 0-1: Swinging Strike 0-2: Ball 1-2: Ball 2-2: Ball 3-2: Fly out, F8 (Line Drive, 8RD, EV 104.4 MPH)
|
|
Batting: LHB Matt Luke
|
0-0: Swinging Strike 0-1: Fly out, F8 (Flyball, 8RXD, EV 101.3 MPH)
|
|
Batting: RHB David Bell
|
0-0: Ball 1-0: Called Strike 1-1: Ball 2-1: Foul Ball, location: 2F 2-2: Ground out 5-3 (Groundball, 56S, EV 86.3 MPH)
|
| Bottom of the 7th over - 0 runs, 0 hits, 0 errors, 2 left on base; San Antonio 6 - Naperville 4 |
| TOP OF THE 8TH |
|
San Antonio Missions batting - Pitching for Naperville Lazy Fisherman : LHP Dennys Reyes
|
|
Batting: SHB Bill Doran
|
0-0: Foul Ball, location: 2F 0-1: SINGLE (Popup, 3D, EV 50.0 MPH)
|
|
Pitching: RHP Scott Arnold
|
|
|
Batting: RHB Damian Jackson
|
0-0: Ball 1-0: Foul Ball, location: 2F 1-1: Swinging Strike 1-2: Foul Ball, location: 2F 1-2: Ball 2-2: Foul Ball, location: 2F 2-2: Strikes out looking
|
|
Batting: RHB David Green
|
0-0: Fielders Choice at 2nd, 5-4 (Groundball, 56, EV 81.9 MPH)
|
|
Batting: RHB Kelly Stinnett
|
0-0: Ball 1-0: Ball 2-0: Foul Ball, location: 2F 2-1: SINGLE (Groundball, 6MD, EV 97.5 MPH) David Green to second Runner from 2nd tries for 3rd, SAFE, throw by CF made to third
|
|
Batting: LHB Scott Livingstone
|
0-0: Called Strike 0-1: SINGLE (Line Drive, 8RS, EV 106.9 MPH) David Green scores Kelly Stinnett to second
|
|
Batting: RHB Luis Sojo
|
0-0: Ball 1-0: Ball 2-0: Ground out 1-3 (Groundball, 15S, EV 67.5 MPH)
|
| Top of the 8th over - 1 run, 3 hits, 0 errors, 2 left on base; San Antonio 7 - Naperville 4 |
| BOTTOM OF THE 8TH |
|
Naperville Lazy Fisherman batting - Pitching for San Antonio Missions : RHP Steve Olin
|
|
Batting: SHB Felipe Crespo
|
0-0: Foul Ball, location: 2F 0-1: Foul Ball, location: 2F 0-2: Ground out 1-3 (Groundball, 13S, EV 72.5 MPH)
|
|
Batting: RHB Kent Anderson
|
0-0: Swinging Strike 0-1: DOUBLE (Line Drive, 89XD, EV 111.9 MPH)
|
|
Batting: RHB Gary Bennett
|
0-0: Foul Ball, location: 2F 0-1: Foul Ball, location: 2F 0-2: Foul Ball, location: 2F 0-2: Ball 1-2: Ground out 1-3 (Groundball, 34S, EV 81.3 MPH) Kent Anderson to third
|
|
Batting: LHB Dan Peltier
|
0-0: Ball 1-0: Ball 2-0: Swinging Strike 2-1: SINGLE (Groundball, 5D, EV 103.8 MPH) Kent Anderson scores
|
|
Batting: RHB Gary Disarcina
|
0-0: Ball 1-0: Fly out, F8 (Flyball, 8LM, EV 83.1 MPH)
|
| Bottom of the 8th over - 1 run, 2 hits, 0 errors, 1 left on base; San Antonio 7 - Naperville 5 |
| TOP OF THE 9TH |
|
San Antonio Missions batting - Pitching for Naperville Lazy Fisherman : RHP Scott Arnold
|
|
Batting: RHB Mike Difelice
|
0-0: Called Strike 0-1: Ball 1-1: Foul Ball, location: 2F 1-2: Ball 2-2: SINGLE (Line Drive, 56D, EV 95.6 MPH)
|
|
Batting: SHB Alex Diaz
|
0-0: Ball 1-0: Ball 2-0: Foul Ball, location: 2F 2-1: Ball 3-1: Called Strike 3-2: Base on Balls Mike Difelice to second
|
|
Pitching: RHP Carlos C. Maldonado
|
|
|
Batting: RHB Eric Owens
|
0-0: Ball 1-0: Fly out, F7 (Flyball, 7LM, EV 93.1 MPH)
|
|
Batting: SHB Bill Doran
|
0-0: Grounds into double play, 6-4-3 (Groundball, 6, EV 105.0 MPH)
|
| Top of the 9th over - 0 runs, 1 hit, 0 errors, 1 left on base; San Antonio 7 - Naperville 5 |
| BOTTOM OF THE 9TH |
|
Naperville Lazy Fisherman batting - Pitching for San Antonio Missions : RHP Steve Olin
|
|
Batting: SHB Walt Weiss
|
0-0: SINGLE (Groundball, 6D, EV 98.8 MPH)
|
|
Pitching: LHP Terry Mulholland
|
|
|
Batting: RHB Jeffrey Hammonds
|
0-0: Ball 1-0: Reached on error, E5 (Groundball, 56, EV 83.1 MPH) Walt Weiss to second
|
|
Pinch Hitting: RHB Craig Worthington
|
0-0: Ball 1-0: Called Strike 1-1: Foul Ball, location: 2F 1-2: SINGLE (Line Drive, 56D, EV 95.0 MPH) Walt Weiss to third Jeffrey Hammonds to second
|
|
Batting: RHB David Bell
|
0-0: Fly out, F6 (Popup, 6S, EV 71.9 MPH)
|
|
Batting: SHB Felipe Crespo
|
0-0: Fly out, F7 (Flyball, 7, EV 91.3 MPH)
|
|
Batting: RHB Kent Anderson
|
0-0: Ball 1-0: Fly out, F7 (Line Drive, 7, EV 96.9 MPH)
|
| Bottom of the 9th over - 0 runs, 2 hits, 1 error, 3 left on base; San Antonio 7 - Naperville 5 |
|